 Dungeon Crawl Stone Soup version 0.27-a0-686-gaed091b46b (webtiles) character file.

Game seed: 5609843687823969364

35 jasper the Sneak (level 3, -3/29 HPs)
             Began as a Demonspawn Delver on Mar 21, 2021.
             Slain by an orc wizard
             ... wielding a +0 dagger
              (5 damage)
             ... on level 5 of the Dungeon.
             The game lasted 00:01:27 (685 turns).

jasper the Sneak (Demonspawn Delver)                 Turns: 685, Time: 00:01:28

Health: -3/29      AC:  5    Str: 13    XL:     3   Next: 17%
Magic:  3/3        EV: 11    Int: 11    God:
Gold:   17         SH:  0    Dex: 14    Spells: 2/2 levels left

rFire    . . .     SeeInvis .   a - +0 hand axe
rCold    . . .     Faith    .   (no shield)
rNeg     . . .     Spirit   .   b - +0 leather armour
rPois    .         Reflect  .   (no helmet)
rElec    .         Harm     .   (no cloak)
rCorr    .         Rampage  .   (no gloves)
Will     .....                  (no boots)
Stlth    +.........             (no amulet)
HPRegen  0.09/turn              (no ring)
MPRegen  0.08/turn              (no ring)

@: confused
A: slimy green scales 1, powered by death 1
a: no special abilities


You were on level 5 of the Dungeon.
You visited 1 branch of the dungeon, and saw 2 of its levels.

You collected 17 gold pieces.

Inventory:

Hand Weapons
 a - a +0 hand axe (weapon)
Missiles
 f - a poisoned dart (quivered)
Armour
 b - a +0 leather armour (worn)
Wands
 g - a wand of digging (3)
Scrolls
 c - a scroll of fog
 d - a scroll of magic mapping


   Skills:
 - Level 3.0 Fighting
 + Level 3.3 Axes
 - Level 1.7 Dodging
 - Level 4.5 Stealth


You had 2 spell levels left.
You didn't know any spells.
Your spell library was empty.

Dungeon Overview and Level Annotations

Branches:
Dungeon (6/15)
 Temple: D:4-7

Altars:

Annotations:
D:5 Sigmund
D:6 exclusion: black bear


Innate Abilities, Weirdness & Mutations

You are partially covered in slimy green scales. (AC +2)
You regenerate a little health from kills.


Message History

The poisoned dart closely misses the orc priest.
Something hits you.
* * * LOW HITPOINT WARNING * * *
You take 5 damage, and have 7/29 hp.
Throw: 3 darts (poison)
Press: ? - help, Q - select action Shift-Dir - straight line, f/p - orc priest
Aim: an orc priest, wielding a +0 club (59% to hit)
You throw a poisoned dart. The poisoned dart hits the orc.
The orc is poisoned.
Something hits you but does no damage.
You aren't carrying any potions.
Okay, then.
Okay, then.
Okay, then.
Throw: 2 darts (poison)
Press: ? - help, Q - select action Shift-Dir - straight line, f/p - orc priest
Aim: an orc priest, wielding a +0 club (59% to hit)
You throw a poisoned dart. The poisoned dart hits the orc.
You hear some strange, mumbled words.
You are confused.
You hear some strange, mumbled words.
You are more confused.
Something hits you but does no damage.
You bump into the rock wall.
You hear some strange, mumbled words.
You are more confused.
You bump into the rock wall.
Something hits you.
* * * LOW HITPOINT WARNING * * *
You take 1 damage, and have 7/29 hp.
You kill the orc!
You completely miss something.
You hear some strange, mumbled words.
A magic dart appears from out of thin air!
The magic dart hits you.
* * * LOW HITPOINT WARNING * * *
You take 5 damage, and have 2/29 hp.
You aren't carrying any potions.
Unknown command.
The orc priest mumbles some strange prayers to Beogh against you.
You're too confused to move!
Something hits you.
You die...

......##........#
#####.##.######.#
#.##.# #.#
####.##.######.#######
#.....................
##.##.##.######.#######
......##.# ##)..##
......##.####.....#
##..............@##
##..###.#######.##
##..# #.# #o# ###># #.#
#)# # #.....# #)# .
....### #...# ####@#
#.....# .# #.......# ..
#...<.....#


You could see an orc priest.

Vanquished Creatures
  A worker ant (D:5)
  A shadow imp (D:5)
  2 orcs (D:5)
4 creatures vanquished.

Notes
Turn   | Place    | Note
-------+----------+-------------------------------------------
     0 | D:5      | jasper the Demonspawn Delver began the quest for the Orb.
     0 | D:5      | Reached XP level 1. HP: 18/18 MP: 1/1
    31 | D:5      | Noticed a worker ant
    47 | D:5      | Noticed Sigmund
   193 | D:6      | Noticed a black bear
   202 | D:6      | Noticed an iguana
   396 | D:5      | Killed a worker ant
   397 | D:5      | Gained mutation: You regenerate a little health from kills.
                  | [demonic ancestry]
   397 | D:5      | Reached XP level 2. HP: 12/24 MP: 2/2
   397 | D:5      | Gained mutation: You are partially covered in slimy green
                  | scales. (AC +2) [demonic ancestry]
   397 | D:5      | Reached XP level 3. HP: 15/29 MP: 3/3
   685 | D:5      | Slain by an orc wizard

Illustrated notes

Levels and vault maps discovered:
D:5:      layout_loops_corners, nicolae_yredelemnul_ghost_church,
          evilmike_ruin_ashenzari, serial_shops, nicolae_shop_stone,
          nrook_pool_corridor, minmay_misc_feat_plants, uniq_sigmund
D:6:      layout_basic, grunt_temple_overflow_open, temple_fountains

Skill      XL: |  1 |
---------------+----+-----
Axes           | 3 |  3.3
Fighting       | |  3.0
Dodging        | |  1.7
Stealth        | |  4.5

Action                   || total
-------------------------++-------
Melee: Hand axe          ||     6
Throw: Dart              ||    21
  Use: Scroll            ||     1
       Potion            ||     1
Armor: Leather armour    ||     3
Dodge: Dodged            ||    10

Table legend: (Time is in decaauts)
 A = Elapsed time spent in this place.
 B = Non-inter-level travel time spent in this place.
 C = Inter-level travel time spent in this place.
 D = Time resting spent in this place.
 E = Time spent auto-exploring this place.
 F = Levels seen in this place.
 G = Mean time per level.
                   A        B        C        D        E       F      G
               +--------+--------+--------+--------+--------+-----+--------+
         Total |    666 |    666 |      0 |    434 |     76 |   2 |  333.0 |
       Dungeon |    666 |    666 |      0 |    434 |     76 |   2 |  333.0 |
               +--------+--------+--------+--------+--------+-----+--------+

Top non-repeatable levels by time:
     D:5: 486 daAuts
     D:6: 180 daAuts
